 Dungeon Crawl Stone Soup version 0.23.2-40-g277498a001 (webtiles) character file.

Game seed: 12973778757790992747

319 Curus the Cleaver (level 6, -1/51 HPs)
             Began as a Minotaur Monk on Oct 20, 2019.
             Slain by an orc warrior
             ... wielding a +0 battleaxe
              (13 damage)
             ... on level 3 of the Dungeon.
             The game lasted 00:09:30 (2498 turns).

Curus the Cleaver (Minotaur Monk)                   Turns: 2498, Time: 00:09:31

Health: -1/51      AC:  8    Str: 20    XL:     6   Next: 21%
Magic:  0/5        EV:  9    Int:  7    God:
Gold:   133        SH:  0    Dex: 15    Spells: 5/5 levels left

rFire    . . .     SeeInvis .   a - +1 hand axe
rCold    . . .     Gourm    .   (no shield)
rNeg     . . .     Faith    .   d - +0 chain mail
rPois    .         Spirit   +   i - +0 hat
rElec    .         Reflect  .   (no cloak)
rCorr    .         Harm     .   (no gloves)
MR       .....                  (no boots)
Stlth    ..........             h - amulet of guardian spirit
HPRegen  0.17/turn              (no ring)
MPRegen  0.09/turn              (no ring)

@: mighty
A: retaliatory headbutt, horns 2
a: no special abilities


You were on level 3 of the Dungeon.
You were not hungry.

You visited 1 branch of the dungeon, and saw 3 of its levels.

You collected 133 gold pieces.

Inventory:

Hand Weapons
 a - a +1 hand axe (weapon)
Armour
 b - a +0 robe
 d - a +0 chain mail (worn)
 i - a +0 hat (worn)
Jewellery
 h - an amulet of guardian spirit (around neck)
Wands
 p - a wand of clouds (4)
Scrolls
 e - 2 scrolls of fear
 f - 3 scrolls of identify
 g - a scroll of random uselessness
 m - a scroll of magic mapping
 n - a scroll of teleportation
 o - a scroll of remove curse
Potions
 j - a potion of brilliance
 k - 2 potions of magic
Comestibles
 c - 3 rations


   Skills:
 - Level 3.6 Fighting
 + Level 8.5 Axes
 - Level 3.2 Dodging
 - Level 1.5 Stealth


You had 5 spell levels left.
You didn't know any spells.
Your spell library was empty.

Dungeon Overview and Level Annotations

Branches:
Dungeon (3/15)

Altars:


Innate Abilities, Weirdness & Mutations

You reflexively headbutt those who attack you in melee.
You have a pair of horns on your head.


Message History

The orc warrior is moderately wounded.
You hit the orc warrior.
The orc warrior is heavily wounded.
The orc warrior hits you but does no damage.
The orc priest hits you from afar with a +0 trident.
You closely miss the orc warrior. Your headbutt misses the orc warrior.
The orc warrior is heavily wounded.
The orc priest hits you but does no damage.
The orc warrior hits you with a +0 battleaxe!
You feel very mighty all of a sudden.
The orc priest hits you but does no damage.
You closely miss the orc warrior.
The orc warrior is heavily wounded.
The orc warrior hits you with a +0 battleaxe!
* * * LOW HITPOINT WARNING * * *
The orc priest casts a cantrip, but nothing happens.
You hit the orc warrior.
The orc warrior is heavily wounded.
The orc warrior hits you with a +0 battleaxe!
You die...

#####...###.# ...†..#.#
#.# .####...# #.########
.(....### #........#
...##.# ########.#
...##.# #># ...##.# #.##
...##.# ########.#.####
...##.####....).@###...#
..............###o#.##.#
###.....##.##.####o## #
..................o.# #
###.....#####.####..##.#
........# #...........#
#######.# #...####.##.#
.# #.. #..o# .# ....)o#
#


You could see an orc warrior, an orc priest and an orc.

Vanquished Creatures
  A bullfrog (D:3)
  2 orc wizards (D:3)
  Ijyb (D:3)
  Natasha (twice) (D:2)
  6 adders (D:2)
  An ooze (D:3)
  3 dart slugs
  3 leopard geckos
  4 giant cockroaches
  4 goblins
  3 hobgoblins
  3 jackals (D:1)
  3 ball pythons
  10 bats
  6 frilled lizards
  9 kobolds
  9 rats
  A fungus (D:1)
71 creatures vanquished.

Notes
Turn   | Place    | Note
-------+----------+-------------------------------------------
     0 | D:1      | Curus the Minotaur Monk began the quest for the Orb.
     0 | D:1      | Reached XP level 1. HP: 19/19 MP: 0/0
   254 | D:1      | Reached skill level 4 in Axes
   303 | D:1      | Reached XP level 2. HP: 26/26 MP: 1/1
   937 | D:1      | Reached skill level 5 in Axes
  1098 | D:2      | Reached XP level 3. HP: 31/31 MP: 2/2
  1567 | D:2      | Reached skill level 6 in Axes
  1567 | D:2      | Reached XP level 4. HP: 36/39 MP: 3/3
  1816 | D:2      | Noticed Natasha
  1830 | D:2      | Killed Natasha
  2044 | D:2      | Noticed Natasha
  2061 | D:2      | Killed Natasha
  2061 | D:2      | Reached skill level 7 in Axes
  2061 | D:2      | Reached XP level 5. HP: 38/45 MP: 4/4
  2444 | D:3      | Noticed an orc warrior
  2451 | D:3      | Noticed Ijyb
  2478 | D:3      | Reached skill level 8 in Axes
  2480 | D:3      | Killed Ijyb
  2480 | D:3      | Reached XP level 6. HP: 31/51 MP: 3/5
  2498 | D:3      | Slain by an orc warrior

Skill      XL: |  1  2  3  4  5 |
---------------+----------------+-----
Axes           | 4 5 6 7 8 |  8.5
Fighting       | |  3.6
Dodging        | |  3.2
Stealth        | |  1.5

Action                   |  1- 3 |  4- 6 || total
-------------------------+-------+-------++-------
Melee: Hand axe          |   119 |   109 ||   228
       Headbutt          |    11 |    18 ||    29
  Use: Scroll            |     6 |     4 ||    10
       Potion            |     1 |     5 ||     6
  Eat: Chunk             |     2 |     3 ||     5
Armor: Chain mail        |    59 |    65 ||   124
Dodge: Dodged            |    46 |    38 ||    84
